 Dungeon Crawl Stone Soup version 0.28.0-53-g5a82cb258f (webtiles) character file.

Game seed: 8119838304200400802

191382 quokkamancerX the Gelid (level 17, -5/141 HPs)
             Began as a Demigod Conjurer on July 6, 2022.
             Slain by a ghost moth (11 damage)
             ... on level 3 of the Spider Nest on July 7, 2022.
             The game lasted 04:18:31 (52976 turns).

quokkamancerX the Gelid (Demigod Conjurer)         Turns: 52976, Time: 04:18:32

Health: -5/141     AC: 20    Str: 17 (22) XL:     17   Next: 2%
Magic:  21/36      EV: 11    Int: 29 (36) God:
Gold:   1119       SH:  0    Dex:  3 (12) Spells: 18/36 levels left

rFire   + + +      SeeInvis .   a - +3 Elemental Staff {rElec rF++ rC++ AC+5}
rCold   + + .      Faith    .   (no shield)
rNeg    . . .      Spirit   .   x - +4 ring mail
rPois   +          Reflect  .   d - +2 helmet
rElec   +          Harm     .   p - scarf {repulsion}
rCorr   .          Rampage  .   g - +2 pair of gloves
Will    +....                   (no boots)
Stlth   ++........              c - amulet of magic regeneration
HPRegen 0.33/turn               S - ring "Ibri Jeti" {*Corrode rPois rF+ Str+6 Int+4}
MPRegen 0.65/turn               J - ring of flight

@: about to teleport, flying, repel missiles
A: high MP 1, forlorn, divine attributes
}: 1/15 runes: decaying
a: no special abilities


You were on level 3 of the Spider Nest.
You visited 5 branches of the dungeon, and saw 31 of its levels.

You collected 2924 gold pieces.
You spent 1805 gold pieces at shops.

Inventory:

Hand Weapons
 a - the +3 Elemental Staff (weapon) {rElec rF++ rC++ AC+5}
   (You took it off a tengu reaver on level 14 of the Dungeon)

   If the wielder is skilled in Evocations, they can discharge powerful blasts
   of elemental energy when striking with it.
   It enhances your fire, ice, earth and air magic.
   AC:        It affects your AC (+5).
   rF:        It greatly protects you from fire.
   rC:        It greatly protects you from cold.
   rElec:     It insulates you from electricity.
 b - the +4 battleaxe of Weadosma {flame, rC- rCorr Str-4 SInv}
   (You found it on level 4 of the Lair of Beasts)

   It burns those it strikes, dealing additional fire damage.
   Big, fiery blades are also staple armaments of hydra-hunters.
   Str:       It affects your strength (-4).
   rC:        It makes you vulnerable to cold.
   SInv:      It lets you see invisible.
   rCorr:     It protects you from acid and corrosion.
Missiles
 y - a curare-tipped dart
 z - a throwing net
Armour
 d - a +2 helmet (worn)
 g - a +2 pair of gloves (worn)
 p - a scarf of repulsion (worn)
 x - a +4 ring mail (worn)
 Q - a +2 buckler
Jewellery
 c - an amulet of magic regeneration (around neck)
 B - the ring "Etuwnuyc" {rC+ Will+ Str+2}
   (You acquired it on level 2 of the Orcish Mines)

   [ring of willpower]

   Str:       It affects your strength (+2).
   rC:        It protects you from cold.
   Will:      It increases your willpower.
 E - a ring of wizardry
 J - a ring of flight (right hand)
 S - the ring "Ibri Jeti" (left hand) {*Corrode rPois rF+ Str+6 Int+4}
   (You acquired it on level 4 of the Swamp)

   [ring of poison resistance]

   Str:       It affects your strength (+6).
   Int:       It affects your intelligence (+4).
   rF:        It protects you from fire.
   rPois:     It protects you from poison.
   *Corrode:  It may corrode you when you take damage.
Wands
 e - a wand of acid (2)
 l - a wand of mindburst (33)
 v - a wand of iceblast (16)
 C - a wand of paralysis (18)
 G - a wand of polymorph (11)
 H - a wand of flame (43)
 I - a wand of charming (4)
Scrolls
 f - 4 scrolls of teleportation
 h - 2 scrolls of summoning
 i - a scroll of identify
 m - 3 scrolls of vulnerability
 s - a scroll of holy word
 u - 2 scrolls of fog
 F - a scroll of immolation
 L - a scroll of brand weapon
 M - a scroll of enchant weapon {unknown}
 N - a scroll of magic mapping
 R - a scroll of amnesia
Potions
 j - 2 potions of haste {unknown}
 k - 3 potions of resistance
 n - 6 potions of mutation
 o - 9 potions of curing
 r - 8 potions of brilliance
 w - a potion of invisibility
 A - 4 potions of ambrosia
 D - a potion of magic
 P - 2 potions of lignification
 U - 3 potions of attraction


   Skills:
 - Level 10.4 Fighting
 - Level 10.0 Dodging
 - Level 5.0 Stealth
 - Level 5.3 Shields
 - Level 10.0 Spellcasting
 - Level 9.0 Conjurations
 - Level 8.0 Hexes
 - Level 6.0 Translocations
 + Level 19.1 Ice Magic
 - Level 5.0 Air Magic


You had 18 spell levels left.
You knew the following spells:

 Your Spells              Type           Power      Damage    Failure   Level
a - Magic Dart            Conj           100%       1d8       1%          1
b - Searing Ray           Conj           100%       2d8       1%          2
c - Fulminant Prism       Conj/Hex       29%        3d14      1%          4
d - Iskenderun's Mystic   Conj/Tloc      55%        2d12      3%          4
e - Blink                 Tloc           98%        N/A       1%          2
f - Freezing Cloud        Conj/Ice/Air   54%        6-21      1%          5

Your spell library contained the following spells:

 Spells                   Type           Power      Damage    Failure   Level
 Confusing Touch          Hex            57%        N/A       1%          3
 Dazzling Flash           Conj/Hex       100%       N/A       1%          3
 Gell's Gravitas          Tloc           49%        N/A       1%          3
 Lesser Beckoning         Tloc           49%        N/A       1%          3
 Portal Projectile        Hex/Tloc       100%       N/A       1%          3
 Teleport Other           Tloc           49%        N/A       1%          3
 Summon Ice Beast         Ice/Summ       81%        N/A       1%          4
 Cause Fear               Hex            28%        N/A       2%          4
 Corpse Rot               Necr/Air       86%        N/A       3%          2
 Poisonous Vapours        Pois/Air       86%        N/A       3%          2
 Conjure Flame            Conj/Fire      57%        6-21      3%          3
 Airstrike                Air            30%        N/A       9%          4
 Sticky Flame             Conj/Fire      57%        2d7       11%         4
 Lightning Bolt           Conj/Air       35%        1d53      11%         5
 Manifold Assault         Tloc           49%        N/A       16%         5
 Ignite Poison            Fire/Tmut/Pois 21%        N/A       21%         3
 Simulacrum               Ice/Necr       40%        N/A       22%         6
 Summon Lightning Spire   Summ/Air       43%        N/A       24%         4
 Summon Mana Viper        Hex/Summ       37%        N/A       36%         5
 Yara's Violent Unravell  Hex/Tmut       18%        3d9       36%         5
 Dispersal                Tloc           24%        N/A       65%         6
 Starburst                Conj/Fire      28%        6d9       86%         6
 Blade Hands              Tmut           7%         N/A       88%         5
 Excruciating Wounds      Necr           7%         N/A       88%         5
 Enfeeble                 Hex            28%        N/A       91%         7
 Polar Vortex             Ice            56%        N/A       95%         9
 Dragon Form              Tmut           7%         N/A       100%        7
 Monstrous Menagerie      Summ           7%         N/A       100%        7
 Borgnjor's Revivificati  Necr           7%         N/A       100%        8
 Disjunction              Tloc           24%        N/A       100%        8
 Necromutation            Tmut/Necr      7%         N/A       100%        8
 Death's Door             Necr           7%         N/A       100%        9
 Dragon's Call            Summ           7%         N/A       100%        9


Dungeon Overview and Level Annotations

Branches:
Dungeon (15/15) Temple (0/1) D:5 Lair (6/6) D:8 Swamp (4/4) Lair:2 Spider (4/4) Lair:3 Slime (0/5) Lair:6 Orc (2/2) D:10 Elf (0/3) Orc:2 Vaults (0/5) D:12 D:13 Depths (0/4) D:15

Shops:
D:4 [*   D:9 !   Orc:2 :?*=*

Annotations:
D:5 exclusion: 2 downstairs
D:11 3 runed translucent doors, zhov's ghost, novice DsFi
Lair:6 1 runed translucent door, Buahul's ghost, journeyman DrCj


Innate Abilities, Weirdness & Mutations

You have an increased reservoir of magic. (+10% MP)
You shall have no god before yourself.
Your divine heritage dramatically boosts your attributes as you level up.


Message History

The redback bites you but does no damage.
The wolf spider hits you!
* * * LOW HITPOINT WARNING * * *
The wolf spider closely misses you.
The redback bites you but does no damage.
The death scarab bites you but does no damage.
The demonic crawler shrieks in warning!
The wolf spider closely misses you.
The wolf spider bites you but does no damage.
The jumping spider leaps!
The redback bites you but does no damage.
The tarantella hisses angrily.
You hear an angry hiss. x5
Blink to where?
Press: ? - help, Dir - move target A wolf spider and a torpor snail come into view.
Found 27 sling bullets.
As you read the scroll of blinking, it crumbles to dust.
The wolf spider hisses angrily.
The death scarab bites you!
* * * LOW HITPOINT WARNING * * *
The death scarab draws strength from your injuries!
The jumping spider leaps!
The redback closely misses you.
The torpor snail moves out of view.
The death scarab bites you!
* * * LOW HITPOINT WARNING * * *
The death scarab draws strength from your injuries!
The redback barely misses you. x2
You fly upwards.
You feel yourself speed up.
You feel you are being watched by something.
You feel your power leaking away.
Found 10 bolts.
There is a stone staircase leading down here.
Okay, then.
As you read the scroll of teleportation, it crumbles to dust.
You feel strangely unstable. The redback completely misses you.
You feel you are being watched by something.
You feel your power leaking away. Something hits you!
You die...

# ## ##### #.
#.## #.#(.##
..^#... ......#
....... ...^..#
.......#.....^#
..w............
.......@..^....
......s........
......#...^....
#^....
..........#....
#...... .....
#^..# ..^
....... .....
#...# .. .
....s## ....
..... . ..
.....s. ....
.#.... ...
ws...s. ...


You could see a steelbarb worm (wandering) and a redback.

Vanquished Creatures
  the Lernaean hydra (Swamp:4)
  Jorgrun (D:15)
  Asterion (Lair:3)
  Frances (Swamp:2)
  Gastronok (Lair:2)
  A sphinx (D:13)
  A tengu reaver (D:14)
  A thorn hunter (Swamp:3)
  A fenstrider witch (Swamp:4)
  2 orc warlords (Orc:1)
  An emperor scorpion (Spider:2)
  A ghost moth (Lair:3)
  Aizul (Swamp:3)
  A very ugly thing (D:14)
  A broodmother (Spider:1)
  2 stone giants (D:14)
  2 dire elephants
  3 eleionomae
  Azrael (Spider:2)
  7 bunyips
  A spark wasp (Spider:2)
  2 fire dragons
  Josephine (Lair:3)
  Fannar (D:11)
  A jorogumo (Spider:2)
  Harold (D:8)
  A catoblepas (D:14)
  An ogre mage (D:13)
  4 ghost crabs
  7 boulder beetles
  26 hydras
  A spriggan air mage (Swamp:2)
  Erica (D:9)
  10 two-headed ogres
  5 alligators
  6 centaur warriors
  A tengu warrior (Swamp:4)
  3 death yaks (Lair:2)
  Urug (D:13)
  6 orc high priests (Orc:2)
  A spriggan berserker (Swamp:2)
  A deep elf knight (D:13)
  12 goliath frogs
  2 steelbarb worms (Spider:1)
  A pharaoh ant (Spider:2)
  3 skeletal warriors (D:15)
  5 spriggan druids
  12 swamp dragons
  2 bog bodies
  An orb spider (Spider:1)
  A lindwurm (Lair:6)
  A deep elf zephyrmancer (D:14)
  3 orc knights
  4 wolf spiders
  2 deep elf pyromancers
  19 ugly things
  2 orc sorcerers (Orc:1)
  5 cyclopes
  2 will-o-the-wisps (Swamp:2)
  4 manticores
  A moth of wrath (Lair:3)
  A moth of wrath (shapeshifter) (D:13)
  3 black mambas (Lair:6)
  A salamander (D:15)
  6 elephants (Lair:6)
  3 molten gargoyles (Lair:6)
  2 torpor snails (Spider:2)
  2 gargoyles
  11 cane toads
  3 unseen horrors
  An efreet (D:15)
  5 demonic crawlers
  7 komodo dragons
  2 freezing wraiths (D:13)
  4 tengu conjurers
  Psyche (D:9)
  A yaktaur (D:13)
  A rime drake (Lair:5)
  5 trolls
  8 polar bears
  9 meliai
  10 hornets
  8 tyrant leeches
  6 tarantellas
  8 slime creatures
  Grinder (D:3)
  12 blink frogs
  11 jumping spiders
  11 culicivoras
  A water elemental (D:15)
  10 spriggans
  An air elemental (D:14)
  32 yaks
  10 wyverns
  4 basilisks
  14 humans
  7 wraiths
  3 fire elementals
  2 steam dragons
  25 redbacks
  14 vampire mosquitoes
  Menkaure (D:6)
  13 wargs
  An acid dragon (D:12)
  19 swamp worms
  21 water moccasins
  9 hell hounds
  An ice beast (Lair:6)
  29 orc warriors
  9 swamp drakes
  2 black bears
  A necrophage (D:6)
  4 wolves (Lair:1)
  6 ogres
  11 centaurs
  A kobold brigand (D:8)
  15 bullfrogs
  3 gnoll sergeants
  An earth elemental (D:14)
  A scorpion (D:6)
  A water moccasin zombie (D:5)
  3 killer bees (D:9)
  5 howler monkeys
  A crimson imp (D:9)
  4 centaur zombies
  5 lava snakes (Lair:6)
  3 bullfrog zombies (D:5)
  47 orc priests
  A gnoll shaman (D:7)
  A hound (D:5)
  6 iguanas
  28 orc wizards
  A killer bee zombie (D:6)
  21 gnolls
  9 adders
  4 white imps
  2 ufetubi (D:5)
  2 worms
  A dart slug (D:4)
  121 orcs
  3 bats
  6 endoplasms
  A giant cockroach (D:4)
  4 goblins
  10 hobgoblins
  3 quokkas
  2 ball pythons (D:3)
  3 frilled lizards
  13 kobolds
  10 rats
  A butterfly (Lair:5)
931 creatures vanquished.

Vanquished Creatures (collateral kills)
  Agnes (Spider:1)
1 creature vanquished.

Vanquished Creatures (others)
  A jumping spider (Spider:1)
  2 humans (D:13)
  An orc (Orc:1)
  18 foxfires (Swamp:2)
  406 fulminant prisms
  50 fungi
  68 plants
546 creatures vanquished.

Grand Total: 1478 creatures vanquished

Notes
Turn   | Place    | Note
-------+----------+-------------------------------------------
     0 | D:1      | quokkamancerX the Demigod Conjurer began the quest for the
                  | Orb.
     0 | D:1      | Reached XP level 1. HP: 14/14 MP: 5/5
   356 | D:1      | Reached XP level 2. HP: 20/20 MP: 5/8
   883 | D:1      | Learned a level 2 spell: Searing Ray
  1065 | D:2      | Reached XP level 3. HP: 26/26 MP: 1/10
  2139 | D:3      | Reached XP level 4. HP: 27/33 MP: 7/13
  2537 | D:3      | Noticed Grinder
  2565 | D:3      | Paralysed by Grinder for 5 turns
  2577 | D:3      | Paralysed by Grinder for 4 turns
  2916 | D:3      | Reached XP level 5. HP: 38/38 MP: 5/14
  3220 | D:4      | Reached skill level 5 in Conjurations
  3481 | D:4      | Noticed a water moccasin
  3487 | D:4      | Killed a water moccasin
  3488 | D:4      | Reached XP level 6. HP: 42/45 MP: 9/15
  3648 | D:4      | Found Vakoreff's Assorted Antiques.
  3658 | D:4      | Bought a scroll labelled SAXIEN UVEMUES for 33 gold pieces
  3658 | D:4      | Bought a black potion for 29 gold pieces
  3728 | D:4      | Found Efricw's Armour Shoppe.
  4408 | D:5      | Entered Level 5 of the Dungeon
  4480 | D:5      | Identified a scroll of acquirement
  4482 | D:5      | Acquired a staff of conjuration
  4498 | D:5      | Found a staircase to the Ecumenical Temple.
  4541 | D:5      | Reached XP level 7. HP: 42/50 MP: 10/16
  5918 | D:6      | Reached skill level 1 in Hexes
  5993 | D:6      | Reached XP level 8. HP: 57/57 MP: 14/17
  6198 | D:6      | Noticed Menkaure
  6876 | D:6      | Killed Menkaure
  6877 | D:6      | Reached skill level 5 in Hexes
  8330 | D:8      | Reached XP level 9. HP: 62/62 MP: 14/18
  8365 | D:8      | Learned a level 4 spell: Fulminant Prism
  8403 | D:8      | Noticed Harold
  8422 | D:8      | Killed Harold
  9181 | D:8      | Reached skill level 5 in Stealth
  9300 | D:8      | Reached skill level 5 in Spellcasting
  9407 | D:8      | Found a staircase to the Lair.
  9665 | D:4      | Bought a blackened ruby ring for 165 gold pieces
  9693 | D:4      | Bought a +2 ring mail of poison resistance for 180 gold
                  | pieces
 10052 | D:9      | Found Ojeiceg's Distillery.
 10052 | D:9      | Noticed Erica
 10064 | D:9      | Killed Erica
 10065 | D:9      | Reached XP level 10. HP: 60/69 MP: 7/22
 10091 | D:9      | Noticed Psyche
 10100 | D:9      | Killed Psyche
 10101 | D:9      | Reached skill level 1 in Translocations
 10126 | D:9      | Noticed a two-headed ogre
 10494 | D:9      | Killed a two-headed ogre
 10556 | D:9      | Bought a potion of degeneration for 14 gold pieces
 10556 | D:9      | Bought a potion of curing for 42 gold pieces
 11107 | D:10     | Entered Level 10 of the Dungeon
 11160 | D:9      | Reached skill level 5 in Translocations
 11351 | D:9      | Learned a level 4 spell: Iskenderun's Mystic Blast
 11354 | D:9      | Learned a level 2 spell: Blink
 12127 | D:10     | Found a staircase to the Orcish Mines.
 12374 | D:11     | Reached skill level 1 in Fighting
 12551 | D:11     | Noticed a boulder beetle
 12981 | D:3      | Killed Grinder
 13171 | Lair:1   | Entered Level 1 of the Lair of Beasts
 13510 | Lair:1   | Reached skill level 5 in Fighting
 13510 | Lair:1   | Reached XP level 11. HP: 65/86 MP: 4/24
 14391 | Lair:2   | Noticed a four-headed hydra
 14392 | Lair:2   | Noticed a swamp dragon
 14485 | Lair:2   | Killed a four-headed hydra
 14527 | Lair:2   | Killed a swamp dragon
 14547 | Lair:2   | Found a staircase to the Swamp.
 15135 | Lair:2   | Noticed Gastronok
 15138 | Lair:2   | Noticed a death yak
 15156 | Lair:2   | Noticed a death yak
 15156 | Lair:2   | Noticed a death yak
 15157 | Lair:2   | Killed a death yak
 15194 | Lair:2   | Noticed a four-headed hydra
 15416 | Lair:2   | Killed a four-headed hydra
 15535 | Lair:2   | Killed a death yak
 15535 | Lair:2   | Killed a death yak
 15753 | Lair:2   | Killed Gastronok
 15754 | Lair:2   | Reached skill level 10 in Fighting
 16547 | Lair:3   | Reached XP level 12. HP: 88/107 MP: 10/27
 16773 | Lair:3   | Found a hole to the Spider Nest.
 17647 | Lair:4   | Identified the +4 battleaxe of Weadosma {flame, rC- rCorr
                  | Str-4 SInv}
 18252 | Lair:5   | Reached skill level 5 in Dodging
 18368 | Lair:5   | You fall into a shaft and drop 1 floor!
 18368 | Lair:6   | Entered Level 6 of the Lair of Beasts
 18458 | Lair:6   | Noticed a dire elephant
 18566 | Lair:6   | Noticed Nessos
 18785 | Lair:6   | Killed a dire elephant
 18884 | Lair:6   | Found a runed translucent door.
 18885 | Lair:6   | Noticed Buahul's ghost (journeyman DrCj)
 18948 | Lair:5   | Noticed a seven-headed hydra
 18954 | Lair:5   | Killed a seven-headed hydra
 19707 | Lair:6   | Noticed a five-headed hydra
 19717 | Lair:6   | Killed a five-headed hydra
 19787 | Lair:6   | Found a staircase to the Slime Pits.
 20041 | Lair:6   | Reached XP level 13. HP: 44/114 MP: 18/29
 20442 | Lair:6   | Found a large runed translucent door.
 20493 | Lair:6   | Reached skill level 10 in Dodging
 20587 | Lair:6   | Reached skill level 1 in Shields
 21025 | Lair:6   | Found a large runed translucent door.
 21576 | Lair:6   | Noticed Nessos
 21576 | Lair:6   | Nessos changed into Nessos the ice beast
 21584 | Lair:6   | Killed Nessos the ice beast
 21819 | Lair:6   | Reached skill level 5 in Shields
 22670 | D:10     | Noticed a bunyip
 22670 | D:10     | a boulder beetle changed into a bunyip
 22676 | D:10     | Killed a bunyip
 22677 | D:10     | Reached skill level 1 in Ice Magic
 22996 | D:11     | Found a runed translucent gate.
 22996 | D:11     | Found a runed translucent gate.
 22997 | D:11     | Found a runed translucent gate.
 23007 | D:11     | Noticed zhov's ghost (novice DsFi)
 23058 | D:11     | Reached skill level 2 in Ice Magic
 23435 | D:11     | Noticed Fannar
 23446 | D:11     | Killed Fannar
 24060 | D:12     | Reached skill level 3 in Ice Magic
 24744 | D:12     | Reached skill level 4 in Ice Magic
 25428 | Orc:1    | Entered Level 1 of the Orcish Mines
 25770 | Orc:1    | Reached skill level 5 in Ice Magic
 26432 | Orc:1    | Noticed an orc warlord
 26521 | Orc:1    | Killed an orc warlord
 26522 | Orc:1    | Reached skill level 6 in Ice Magic
 26761 | Orc:2    | Entered Level 2 of the Orcish Mines
 26911 | Orc:2    | Found Didut's General Store.
 26945 | Orc:2    | Reached XP level 14. HP: 122/122 MP: 23/32
 26970 | Orc:2    | Noticed an orc warlord
 27492 | Orc:1    | Killed an orc warlord
 27880 | Orc:2    | Reached skill level 7 in Ice Magic
 28685 | Orc:2    | Reached skill level 10 in Spellcasting
 28789 | Orc:2    | Found Kingeahou's Magic Scroll Shop.
 28789 | Orc:2    | Found Kanug's Book Emporium.
 28796 | Orc:2    | Bought a scroll of acquirement for 884 gold pieces
 28796 | Orc:2    | Bought a scroll of magic mapping for 59 gold pieces
 28796 | Orc:2    | Bought a scroll of blinking for 127 gold pieces
 28840 | Orc:2    | Found a staircase to the Elven Halls.
 29279 | Orc:2    | Found Lofregao's Assorted Antiques.
 29279 | Orc:2    | Found Pumedex's Jewellery Emporium.
 29295 | Orc:2    | Acquired the ring "Etuwnuyc" {rC+ Will+ Str+2}
 29448 | D:12     | Reached skill level 8 in Ice Magic
 29480 | D:13     | Noticed Urug
 29480 | D:13     | Found a gate to the Vaults.
 29487 | D:13     | Reached skill level 1 in Air Magic
 30559 | D:13     | Reached skill level 5 in Air Magic
 30957 | D:12     | Learned a level 5 spell: Freezing Cloud
 31176 | D:13     | Reached skill level 9 in Ice Magic
 31189 | D:13     | Killed Urug
 31277 | D:13     | Noticed a sphinx
 31286 | D:13     | Killed a sphinx
 32119 | D:14     | Reached skill level 10 in Ice Magic
 33237 | D:14     | Noticed a tengu reaver
 33439 | D:14     | Killed a tengu reaver
 33770 | D:14     | Reached skill level 11 in Ice Magic
 34047 | D:14     | Reached XP level 15. HP: 106/128 MP: 1/33
 34504 | D:15     | Entered Level 15 of the Dungeon
 34709 | D:15     | Reached skill level 12 in Ice Magic
 35422 | D:15     | Noticed Jorgrun
 35677 | D:15     | Found a staircase to the Depths.
 35744 | D:15     | Reached skill level 13 in Ice Magic
 35961 | D:15     | Killed Jorgrun
 36569 | Swamp:1  | Entered Level 1 of the Swamp
 37759 | Swamp:1  | Reached skill level 14 in Ice Magic
 37879 | Swamp:2  | Noticed Frances
 38477 | Swamp:2  | Killed Frances
 38631 | Swamp:1  | Reached skill level 15 in Ice Magic
 39477 | Swamp:3  | Noticed Aizul
 39738 | Swamp:3  | Reached XP level 16. HP: 134/135 MP: 21/35
 40302 | Swamp:3  | Killed Aizul
 40463 | Swamp:3  | Reached skill level 16 in Ice Magic
 41232 | Swamp:4  | Entered Level 4 of the Swamp
 41355 | Swamp:4  | Acquired the ring "Ibri Jeti" {*Corrode rPois rF+ Str+6
                  | Int+4}
 41795 | Swamp:4  | Identified the +9 rapier of the Eight Thickets {speed,
                  | Str+5}
 42621 | Swamp:4  | Reached skill level 17 in Ice Magic
 42621 | Swamp:4  | Noticed the 27-headed Lernaean hydra
 42634 | Swamp:4  | Killed the 27-headed Lernaean hydra
 43279 | Swamp:4  | Got a decaying rune of Zot
 43814 | Orc:2    | Bought a runed scale mail for 238 gold pieces
 43814 | Orc:2    | Bought a scroll labelled WAGULL DOWKENK for 34 gold pieces
 44256 | Spider:1 | Entered Level 1 of the Spider Nest
 44267 | Spider:1 | Noticed Asterion
 44764 | Spider:1 | Noticed Josephine
 46575 | Lair:3   | Reached skill level 18 in Ice Magic
 47394 | Lair:3   | Killed Josephine
 47728 | Lair:3   | Noticed an Executioner
 47738 | Lair:3   | Killed Asterion
 48901 | Spider:2 | Noticed Agnes
 48918 | Spider:1 | Killed Agnes
 49215 | Spider:2 | Noticed Azrael
 49229 | Spider:2 | Killed Azrael
 51095 | Spider:2 | Reached skill level 19 in Ice Magic
 51740 | Spider:2 | Reached XP level 17. HP: 141/141 MP: 24/36
 52966 | Spider:4 | Entered Level 4 of the Spider Nest
 52974 | Spider:4 | HP: 4/141 [death scarab[a torpor snail] (7)]
 52976 | Spider:3 | Slain by a ghost moth

Illustrated notes

Levels and vault maps discovered:
D:1:      minmay_arrival_stone_box, layout_loops_ring
D:2:      layout_basic
D:3:      layout_rooms, uniq_grinder
D:4:      layout_loops_corners, serial_shops, nicolae_shop_window_shopping,
          shop_statue
D:5:      layout_loops_corners, lemuel_doored_altar,
          minmay_temple_entry_junction
D:6:      layout_loops_cross, uniq_menkaure
D:7:      nicolae_cairo_tiling, layout_basic
D:8:      layout_basic, erik_lair_orcish_takeover, uniq_harold
D:9:      layout_rooms, serial_shops, shop_fountains, minmay_fire_ice_demons,
          uniq_erica, uniq_psyche
D:10:     layout_stronghold, mainiacjoe_overflow_concentric_impassable,
          bh_walls_and_bars
D:11:     layout_stronghold, ebering_ghost_rock_garden, serial_column_ruins,
          column_ruins_square_medium, column_ruins_open_small,
          column_ruins_grid_3, column_ruins_columns_straight,
          column_ruins_grid_1, column_ruins_columns_straight,
          column_ruins_open_small, uniq_fannar
D:12:     layout_basic
D:13:     layout_loops_ring, david_vaults_3, minmay_evil_grid
D:14:     layout_loops_ring, dilly_guarded_unrand_elemental_staff
D:15:     hangedman_depths_entry_try_elsewhere_first, layout_loops_ring,
          okawaru_trees_2, serial_bayou, serial_bayou_pond_d,
          serial_bayou_shore_b, serial_bayou_shore_b, serial_bayou_ford_a,
          minmay_misc_feat_four_crosses, nicolae_gozag_seed_capital,
          uniq_jorgrun
Lair:1:   layout_regular_city, grunt_megastairs_1
Lair:2:   layout_hall_layers, minmay_swamp_entry_reptiles,
          cheibrodos_lair_lostbears, uniq_gastronok
Lair:3:   layout_layer_cave, spider_nest_entry_rubble, serial_bayou_shore_b
Lair:4:   wander_river, layout_regular_city, nicolae_quartered_pool_little
Lair:5:   layout_roguey, gauntlet_entry_generic, lemuel_fruit_fields,
          grunt_megastairs_3
Lair:6:   cheibrodos_lair_end_hotspot, layout_small_grid, slime_dummy,
          gammafunk_ghost_grave, minivault_19, uniq_nessos
Swamp:1:  nicolae_swamp_decorative_isthmus, layout_basic_swamp,
          nicolae_swamp_trees_clearing
Swamp:2:  layout_basic_swamp, evilmike_swamp_ruin_house_2, swamp_pool1,
          uniq_frances
Swamp:3:  layout_basic_swamp, infiniplex_staircase_pool, swamp_pool2, uniq_aizul
Swamp:4:  swamp_old_school, layout_basic_swamp, swamp_pool3, kb_tengu_band
Spider:1: layout_spider_delve, nicolae_spider_webs_and_nodes,
          nicolae_spider_rock_and_or_roll, uniq_josephine, uniq_asterion
Spider:2: layout_spider_delve, uniq_azrael, uniq_agnes
Spider:3: nicolae_spider_mines_3, nicolae_spider_cling_ruins
Spider:4: floodkiller_spider_rune_tomb, nicolae_arachne_temple
Orc:1:    layout_caves, basic_altar, minmay_orc_temple_a
Orc:2:    st_orc_town, layout_caves, serial_shops, shop_fountains,
          minmay_orc_temple_b

Skill      XL: |  1  2  3  4  5  6  7  8  9 10 11 12 13 14 15 16 |
---------------+-------------------------------------------------+-----
Spellcasting   | 2 3 4 6 7 8 9 10 | 10.0
Conjurations   | 4 5 7 8 9 |  9.0
Hexes          | 2 7 8 |  8.0
Stealth        | 5 |  5.0
Translocations | 6 |  6.0
Fighting       | 5 10 | 10.4
Dodging        | 9 10 | 10.0
Shields        | 5 |  5.3
Ice Magic      | 6 11 15 19 | 19.1
Air Magic      | 5 |  5.0

Action                   |  1- 3 |  4- 6 |  7- 9 | 10-12 | 13-15 | 16-18 || total
-------------------------+-------+-------+-------+-------+-------+-------++-------
Melee: Dagger            |    19 |     3 |       |       |       |       ||    22
       Staff             |       |       |     2 |     9 |    25 |    35 ||    71
       Unarmed           |       |       |       |    14 |       |       ||    14
       Battleaxe         |       |       |       |       |       |     8 ||     8
 Cast: Magic Dart        |    76 |    67 |    88 |    96 |   213 |    37 ||   577
       Searing Ray       |     5 |    18 |    53 |    26 |     9 |     2 ||   113
       Fulminant Prism   |       |       |    15 |   114 |   232 |    45 ||   406
       Iskenderun's Myst |       |       |       |   133 |   405 |   247 ||   785
       Freezing Cloud    |       |       |       |       |    85 |   133 ||   218
       Blink             |       |       |       |       |     1 |       ||     1
Evoke: Wand              |       |       |     4 |       |    15 |     7 ||    26
  Use: Scroll            |       |     7 |     3 |    12 |    11 |    18 ||    51
       Potion            |       |       |     1 |     1 |     1 |    10 ||    13
 Stab: Sleeping          |       |     1 |       |       |       |       ||     1
Armor: Robe              |    10 |       |       |       |       |       ||    10
       Leather armour    |       |    18 |    41 |       |       |       ||    59
       Ring mail         |       |       |     3 |   140 |   232 |   266 ||   641
Dodge: Dodged            |    16 |    23 |    47 |   185 |   262 |   299 ||   832
       Repelled          |       |       |       |     2 |    19 |     3 ||    24
Block: Buckler           |       |     1 |    10 |    35 |    99 |    90 ||   235
